 Dungeon Crawl Stone Soup version 0.28.0-45-g0d030f2227 (webtiles) character file.

Game seed: 1046644783886735591

341 terff the Chopper (level 6, -4/55 HPs)
             Began as a Hill Orc Monk on Apr 3, 2022.
             Slain by a black bear (7 damage)
             ... on level 4 of the Dungeon.
             The game lasted 00:06:51 (4431 turns).

terff the Chopper (Hill Orc Monk)                   Turns: 4431, Time: 00:06:52

Health: -4/55      AC:  5    Str: 16    XL:     6   Next: 56%
Magic:  6/6        EV: 27    Int: 10    God:
Gold:   172        SH:  0    Dex: 13    Spells: 5/5 levels left

rFire   . . .      SeeInvis .   a - +0 hand axe
rCold   + . .      Faith    .   (no shield)
rNeg    . . .      Spirit   .   q - +0 leather armour of Taygg {rElec rC+ Will+}
rPois   .          Reflect  .   e - +0 helmet
rElec   +          Harm     .   l - +0 cloak
rCorr   .          Rampage  .   (no gloves)
Will    +....                   (no boots)
Stlth   ++........              c - amulet of the acrobat
HPRegen 0.18/turn               (no ring)
MPRegen 0.10/turn               (no ring)

@: acrobatic
A: no striking features
a: no special abilities


You were on level 4 of the Dungeon.
You visited 1 branch of the dungeon, and saw 4 of its levels.

You collected 172 gold pieces.

Inventory:

Hand Weapons
 a - a +0 hand axe (weapon)
Armour
 b - a +0 robe
 d - a +0 chain mail
 e - a +0 helmet (worn)
 l - a +0 cloak (worn)
 q - the +0 leather armour of Taygg (worn) {rElec rC+ Will+}
   (You found it on level 4 of the Dungeon)

   rC:        It protects you from cold.
   rElec:     It insulates you from electricity.
   Will:      It increases your willpower.
Jewellery
 c - an amulet of the acrobat (around neck)
 i - an amulet of guardian spirit
 m - an amulet of magic regeneration
Wands
 o - a wand of flame (11)
Potions
 f - a potion of haste
 g - a potion of resistance {unknown}
 h - 2 potions of might {unknown}
 j - 3 potions of curing {unknown}
 k - a potion of cancellation {unknown}
 n - a potion of brilliance {unknown}
 p - a potion of flight {unknown}


   Skills:
 + Level 4.9 Fighting
 + Level 6.6 Axes
 + Level 3.2 Armour
 + Level 3.0 Dodging
 + Level 2.0 Stealth


You had 5 spell levels left.
You didn't know any spells.
Your spell library was empty.

Dungeon Overview and Level Annotations

Branches:
Dungeon (4/15)
 Temple: D:4-7

Altars:

Annotations:
D:3 Grinder


Message History

The black bear is heavily wounded.
The black bear closely misses you. The black bear claws you.
The black bear claws you but does no damage.
You hit the black bear.
The black bear is severely wounded.
The black bear misses you. The black bear closely misses you.
The black bear misses you.
You hit the black bear but do no damage.
The black bear is severely wounded.
The black bear bites you. The black bear claws you.
The black bear claws you but does no damage.
You hit the black bear but do no damage.
The black bear is severely wounded.
The black bear closely misses you. The black bear claws you.
The black bear claws you but does no damage.
You hit the black bear.
The black bear is severely wounded.
The black bear bites you. The black bear claws you.
The black bear claws you but does no damage.
You hit the black bear.
The black bear is severely wounded.
The black bear closely misses you. The black bear claws you. x2
* * * LOW HITPOINT WARNING * * *
The black bear goes berserk!
The black bear misses you. x3
You hit the black bear.
The black bear is almost dead.
The black bear barely misses you. The black bear misses you.
The black bear claws you.
* * * LOW HITPOINT WARNING * * *
The black bear bites you.
* * * LOW HITPOINT WARNING * * *
The black bear claws you.
* * * LOW HITPOINT WARNING * * *
The black bear claws you.
* * * LOW HITPOINT WARNING * * *
The black bear completely misses you. x3
The black bear rages.
The black bear bites you!
You die...

.####.#.#..#...)#..#.#
......#[#..##..##.##.#
.######.#...####..#..#
....................##
#######.#####.#.#)..#
#.#####.#..#..#
#.......##....#
#############.##
#.....†...h@..#
#.#############


You could see a black bear (berserk).

Vanquished Creatures
  A scorpion (D:4)
  3 hounds
  An iguana (D:4)
  An orc wizard (D:3)
  Terence (D:3)
  Robin (D:3)
  A gnoll (D:3)
  3 adders
  An adder skeleton (D:3)
  A worm (D:2)
  2 orcs (D:3)
  4 bats
  9 endoplasms
  3 giant cockroaches
  13 goblins
  4 hobgoblins
  2 jackals (D:3)
  4 kobolds
  5 quokkas
  6 ball pythons
  3 frilled lizards
  5 rats
74 creatures vanquished.

Notes
Turn   | Place    | Note
-------+----------+-------------------------------------------
     0 | D:1      | terff the Hill Orc Monk began the quest for the Orb.
     0 | D:1      | Reached XP level 1. HP: 19/19 MP: 1/1
   355 | D:1      | Reached XP level 2. HP: 27/27 MP: 2/2
  1248 | D:2      | Reached XP level 3. HP: 32/33 MP: 3/3
  2010 | D:2      | Found a faded altar of an unknown god.
  2398 | D:3      | Reached skill level 1 in Armour
  2508 | D:3      | Reached XP level 4. HP: 40/40 MP: 4/4
  2546 | D:3      | Reached skill level 5 in Axes
  2891 | D:3      | Noticed Robin
  3006 | D:3      | Killed Robin
  3012 | D:3      | Reached XP level 5. HP: 45/46 MP: 5/5
  3108 | D:3      | Noticed Terence
  3110 | D:3      | Noticed Grinder
  3192 | D:3      | Killed Terence
  3193 | D:3      | Reached skill level 6 in Axes
  3687 | D:4      | Reached XP level 6. HP: 43/53 MP: 6/6
  4373 | D:4      | Identified the +0 leather armour of Taygg {rElec rC+ Will+}
  4405 | D:4      | Noticed a black bear
  4431 | D:4      | Slain by a black bear

Illustrated notes

Levels and vault maps discovered:
D:1:      wander_arrival_peaceful_grave, layout_basic, minmay_misc_feat_cross
D:2:      layout_basic, shapermc_ecumenical_altar_totnotflames
D:3:      layout_rooms, cheibrodos_gnoll_hut, uniq_terence, uniq_robin,
          uniq_grinder
D:4:      layout_basic, minmay_close_crescents

Skill      XL: |  1  2  3  4  5  6 |
---------------+-------------------+-----
Fighting       | 4 |  4.9
Armour         | 1 2 3 |  3.2
Axes           | 5 6 |  6.6
Dodging        | 3 |  3.0
Stealth        | 2 |  2.0

Action                   |  1- 3 |  4- 6 || total
-------------------------+-------+-------++-------
Melee: Hand axe          |   137 |   169 ||   306
       Punch             |     3 |     3 ||     6
  Use: Scroll            |     3 |     2 ||     5
       Potion            |       |     1 ||     1
 Stab: Sleeping          |     2 |       ||     2
Armor: Robe              |     2 |       ||     2
       Chain mail        |    80 |   113 ||   193
       Leather armour    |       |    15 ||    15
Dodge: Dodged            |    55 |   113 ||   168
